 Dungeon Crawl Stone Soup version 0.29-a0-356-g7bc237e783 (webtiles) character file.

Game seed: 5841949031499414191

819 Ijustatesigmund the Magician (level 7, -12/36 HPs)
             Began as a Deep Elf Conjurer on Apr 26, 2022.
             Mangled by a troll (13 damage)
             ... on level 5 of the Dungeon.
             The game lasted 00:11:32 (6360 turns).

Ijustatesigmund the Magician (Deep Elf Conjurer)    Turns: 6360, Time: 00:11:32

Health: -12/36     AC:  3    Str:  4    XL:     7   Next: 63%
Magic:  12/20      EV: 17    Int: 25    God:
Gold:   103        SH:  0    Dex: 13    Spells: 18/21 levels left

rFire   . . .      SeeInvis .   d - +4 rapier (vamp)
rCold   . . .      Faith    .   (no shield)
rNeg    . . .      Spirit   .   a - +0 robe
rPois   .          Reflect  .   (no helmet)
rElec   .          Harm     .   k - +0 cloak
rCorr   .          Rampage  .   (no gloves)
Will    .....                   (no boots)
Stlth   ++........              (no amulet)
HPRegen 0.12/turn               e - +4 ring of evasion
MPRegen 0.17/turn               (no ring)

@: no status effects
A: no striking features
a: no special abilities


You were on level 5 of the Dungeon.
You visited 1 branch of the dungeon, and saw 5 of its levels.

You collected 230 gold pieces.
You spent 127 gold pieces at shops.

Inventory:

Hand Weapons
 d - a +4 vampiric rapier (weapon)
Armour
 a - a +0 robe (worn)
 k - a +0 cloak (worn)
Jewellery
 e - a +4 ring of evasion (left hand)
 j - a ring of fire
 m - a ring of see invisible
Wands
 l - a wand of digging (4)
Potions
 b - a potion of magic
 c - 2 potions of flight
 f - 2 potions of heal wounds
 g - a potion of might
 h - 3 potions of curing
 i - 3 potions of attraction
 n - 3 potions of brilliance
 o - 2 potions of mutation
 p - a potion of lignification {unknown}
 q - a potion of invisibility {unknown}


   Skills:
 - Level 3.0 Short Blades
 - Level 3.2 Dodging
 - Level 2.4 Stealth
 + Level 7.7 Spellcasting
 + Level 7.4 Conjurations


You had 18 spell levels left.
You knew the following spells:

 Your Spells              Type           Power      Damage    Failure   Level
a - Magic Dart            Conj           100%       1d8       1%          1
b - Searing Ray           Conj           92%        2d7       1%          2

Your spell library contained the following spells:

 Spells                   Type           Power      Damage    Failure   Level
 Dazzling Flash           Conj/Hex       56%        N/A       4%          3
 Pain                     Necr           36%        1d5       6%          1
 Slow                     Hex            36%        N/A       6%          1
 Fulminant Prism          Conj/Hex       14%        3d9       14%         4
 Iskenderun's Mystic Bla  Conj/Tloc      28%        2d7       14%         4
 Confusing Touch          Hex            9%         N/A       19%         3
 Vampiric Draining        Necr           9%         2d6       19%         3
 Agony                    Necr           9%         N/A       86%         5
 Excruciating Wounds      Necr           4%         N/A       86%         5


Dungeon Overview and Level Annotations

Branches:
Dungeon (5/15)
 Temple: D:4-7

Altars:
Fedhas
Sif Muna
Uskayaw
Yredelemnul

Shops:
D:3 ([=**   D:4 *


Message History

A troll comes into view.
There is an open door here.
Casting: Searing Ray (safe; 1% risk of failure)
Confirm with . or Enter, or press ? or * to list all spells.
Aiming: Searing Ray (safe; 1% risk of failure)
Press: ? - help, Shift-Dir - straight line, f - troll
Aim: a troll (82% to hit)
The searing ray misses the troll. (Press . to maintain the ray.)
The searing ray hits the troll.
The troll is lightly wounded.
The searing ray hits the troll.
The troll is lightly wounded.
The searing ray hits the troll!
The troll is heavily wounded.
You finish channelling your searing ray.
The troll bites you! The troll claws you. The troll completely misses you.
You aren't carrying any scrolls.
Unknown command.
You feel much better. The troll bites you. The troll closely misses you. x2
Casting: Searing Ray (safe; 1% risk of failure)
Confirm with . or Enter, or press ? or * to list all spells.
Aiming: Searing Ray (safe; 1% risk of failure)
Press: ? - help, Shift-Dir - straight line, f/p - troll
Aim: a troll (moderately wounded, 82% to hit)
The searing ray hits the troll.
The troll is heavily wounded. (Press . to maintain the ray.)
The troll misses you. The troll claws you! x2
* * * LOW HITPOINT WARNING * * *
The searing ray hits the troll.
The troll is severely wounded.
The troll misses you. The troll claws you but does no damage.
The troll barely misses you.
The searing ray hits the troll!
The troll is almost dead.
The troll bites you!
* * * LOW HITPOINT WARNING * * *
The troll claws you!
You die...

#.. #.. #..
#######..
#........
#######
#........
######.....#
#........
...........#
#........
......T@...#
#........
...........#
#........
....###'####
#........ ###
#......#
#########
#......#
#......#
#......#
#......#
########..)...#
##


You could see a troll.

Vanquished Creatures
  Grinder (D:5)
  2 phantoms
  A necrophage (D:5)
  4 orc priests
  3 hounds (D:5)
  Crazy Yiuf (D:3)
  2 orc wizards (D:5)
  2 adders
  3 worms
  3 dart slugs
  17 orcs
  8 ball pythons
  7 endoplasms
  7 giant cockroaches
  7 goblins
  9 hobgoblins
  3 jackals (D:4)
  8 kobolds
  4 quokkas
  7 bats
  2 frilled lizards
  4 rats
105 creatures vanquished.

Vanquished Creatures (others)
  A withered plant (D:1)
1 creature vanquished.

Grand Total: 106 creatures vanquished

Notes
Turn   | Place    | Note
-------+----------+-------------------------------------------
     0 | D:1      | Ijustatesigmund the Deep Elf Conjurer began the quest for
                  | the Orb.
     0 | D:1      | Reached XP level 1. HP: 10/10 MP: 6/6
   146 | D:1      | Reached XP level 2. HP: 15/15 MP: 0/8
   157 | D:1      | Learned a level 2 spell: Searing Ray
   249 | D:1      | Found a faded altar of an unknown god.
   919 | D:1      | Reached XP level 3. HP: 19/19 MP: 8/10
  1088 | D:1      | Reached skill level 5 in Conjurations
  2469 | D:2      | Reached XP level 4. HP: 24/24 MP: 10/12
  2866 | D:3      | Found a runed translucent door.
  2867 | D:3      | Noticed Crazy Yiuf
  3114 | D:3      | Found Tiexan's General Store.
  3125 | D:3      | Bought a potion of heal wounds for 65 gold pieces
  3131 | D:3      | Found Eklomom's Assorted Antiques.
  3140 | D:3      | Bought a green potion for 19 gold pieces
  3140 | D:3      | Bought a scroll labelled LISONA XODOEC for 22 gold pieces
  3177 | D:3      | Found Pessidur's Jewellery Shoppe.
  3215 | D:3      | Found Remin's Armour Boutique.
  3233 | D:3      | Found Enkat's Weapon Emporium.
  3510 | D:3      | Killed Crazy Yiuf
  3511 | D:3      | Reached skill level 5 in Spellcasting
  3511 | D:3      | Reached XP level 5. HP: 28/28 MP: 9/14
  3622 | D:4      | Found a shimmering blue altar of Sif Muna.
  3624 | D:4      | Found a blossoming altar of Fedhas.
  3625 | D:4      | Found a basalt altar of Yredelemnul.
  3644 | D:4      | Found a hide-covered altar of Uskayaw.
  3753 | D:4      | Reached skill level 1 in Short Blades
  3933 | D:4      | Found Pumpog's Assorted Antiques.
  3948 | D:4      | Bought a scroll labelled SUXZAXUYTHRA for 21 gold pieces
  5040 | D:4      | Noticed a phantom
  5049 | D:4      | Killed a phantom
  5050 | D:4      | Reached XP level 6. HP: 32/32 MP: 8/16
  5337 | D:5      | Entered Level 5 of the Dungeon
  5798 | D:5      | Reached XP level 7. HP: 36/36 MP: 14/18
  5973 | D:5      | Noticed Grinder
  5979 | D:5      | Killed Grinder
  6350 | D:5      | Noticed a troll
  6360 | D:5      | HP: 1/36 [troll (8)]
  6360 | D:5      | Mangled by a troll

Illustrated notes

Levels and vault maps discovered:
D:1:      dpeg_arrival_pond, layout_basic, ebering_ecumenical_altar_petrified
D:2:      layout_loops_ring, amcnicky_mini_corridor_feature
D:3:      layout_loops_ring, serial_shops, nicolae_shop_hallway_stairs,
          nicolae_shop_advertising_works [nicolae_subvault_shop_adworks], shop,
          shop, shop, kennysheep_generic_room_9, uniq_crazy_yiuf_cottage
D:4:      layout_cave_pods, grunt_temple_overflow_open, serial_shops,
          nicolae_shop_stone
D:5:      layout_gridville, serial_shops, nicolae_square_shop, uniq_grinder

Skill      XL: |  1  2  3  4  5  6  7 |
---------------+----------------------+-----
Spellcasting   | 4 5 6 7 |  7.7
Conjurations   | 5 6 7 |  7.4
Dodging        | 3 |  3.2
Short Blades   | 2 3 |  3.0
Stealth        | |  2.4

Action                   |  1- 3 |  4- 6 |  7- 9 || total
-------------------------+-------+-------+-------++-------
Melee: Mace              |     1 |       |       ||     1
       Rapier            |       |    22 |     3 ||    25
 Cast: Magic Dart        |    90 |    70 |    11 ||   171
       Searing Ray       |     1 |    14 |     6 ||    21
  Use: Scroll            |     9 |     9 |     3 ||    21
       Potion            |       |       |     1 ||     1
Armor: Robe              |     2 |     1 |     2 ||     5
Dodge: Dodged            |     8 |    33 |    45 ||    86

Table legend: (Time is in decaauts)
 A = Elapsed time spent in this place.
 B = Non-inter-level travel time spent in this place.
 C = Inter-level travel time spent in this place.
 D = Time resting spent in this place.
 E = Time spent auto-exploring this place.
 F = Levels seen in this place.
 G = Mean time per level.
                   A        B        C        D        E       F      G
               +--------+--------+--------+--------+--------+-----+--------+
         Total |   6363 |   6215 |    148 |   1466 |   4161 |   5 | 1272.6 |
       Dungeon |   6363 |   6215 |    148 |   1466 |   4161 |   5 | 1272.6 |
               +--------+--------+--------+--------+--------+-----+--------+

Top non-repeatable levels by time:
     D:1: 1601 daAuts
     D:3: 1553 daAuts
     D:4: 1257 daAuts
     D:5: 1022 daAuts
     D:2: 927 daAuts
